 Dungeon Crawl Stone Soup version 0.29-a0-283-ga02f740833 (webtiles) character file.

Game seed: 4449752771196444290

47916 drugrobin the Severer (level 13, -4/124 HPs)
             Began as a Demigod Fighter on Mar 14, 2022.
             Slain by Snorg (46 damage)
             ... on level 5 of the Lair of Beasts.
             The game lasted 00:59:03 (21502 turns).

drugrobin the Severer (Demigod Fighter)            Turns: 21502, Time: 00:59:04

Health: -4/124     AC: 22    Str: 29    XL:     13   Next: 73%
Magic:  7/7        EV:  2    Int: 14    God:
Gold:   1865       SH:  0    Dex: 13    Spells: 12/12 levels left

rFire   . . .      SeeInvis .   a - +9 hand axe of the Jester {vamp, rPois}
rCold   + . .      Faith    .   L - +18 shield of the Gong {rElec rN+ Will+ EV-5}
rNeg    + . .      Spirit   .   U - +4 ring mail {rC+}
rPois   +          Reflect  .   t - +0 helmet of the Snail {rElec rPois MP-9 Stlth+}
rElec   +          Harm     .   A - +0 cloak
rCorr   .          Rampage  .   I - +0 pair of gloves
Will    ++...                   E - +0 pair of boots
Stlth   ++........              m - amulet of the acrobat
HPRegen 0.30/turn               d - +4 ring of protection
MPRegen 0.10/turn               O - +4 ring of protection

@: sleeping
A: high MP 1, forlorn, divine attributes
a: no special abilities


You were on level 5 of the Lair of Beasts.
You visited 2 branches of the dungeon, and saw 17 of its levels.
You also visited: Sewer and Bailey.

You collected 1865 gold pieces.

Inventory:

Hand Weapons
 a - the +9 hand axe of the Jester (weapon) {vamp, rPois}
   (You took it off a goblin on level 3 of the Dungeon)

   It occasionally heals its wielder for a portion of the damage dealt when it
   wounds a living foe.
   rPois:     It protects you from poison.
 b - a +0 hunting sling
 c - a +2 mace of venom
Missiles
 n - 31 poisoned darts
 r - 28 javelins (quivered)
Armour
 t - the +0 helmet of the Snail (worn) {rElec rPois MP-9 Stlth+}
   (You found it on level 11 of the Dungeon)

   rElec:     It insulates you from electricity.
   rPois:     It protects you from poison.
   MP:        It affects your magic capacity (-9).
   Stlth:     It makes you more stealthy.
 w - a scarf of resistance
 A - a +0 cloak (worn)
 E - a +0 pair of boots (worn)
 I - a +0 pair of gloves (worn)
 L - the +18 shield of the Gong (worn) {rElec rN+ Will+ EV-5}
   (You found it on level 7 of the Dungeon)

   It is deafeningly noisy when blocking attacks.
   EV:        It affects your evasion (-5).
   rElec:     It insulates you from electricity.
   rN:        It protects you from negative energy.
   Will:      It increases your willpower.
 U - a +4 ring mail of cold resistance (worn)
Jewellery
 d - a +4 ring of protection (left hand)
 l - a ring of willpower
 m - an amulet of the acrobat (around neck)
 K - a ring of protection from fire
 O - a +4 ring of protection (right hand)
Wands
 f - a wand of mindburst (20)
 o - a wand of iceblast (15)
 z - a wand of acid (12)
 B - a wand of charming (3)
 T - a wand of flame (25)
 V - a wand of polymorph (6)
Scrolls
 g - 10 scrolls of teleportation
 h - a scroll of enchant weapon
 u - 3 scrolls of fog
 v - a scroll of magic mapping
 y - 5 scrolls of vulnerability
 C - a scroll of summoning
 F - 2 scrolls of immolation
 H - a scroll of enchant armour
 J - 4 scrolls of blinking
 P - a scroll of amnesia {unknown}
Potions
 i - 3 potions of heal wounds {unknown}
 j - 5 potions of resistance
 k - a potion of cancellation {unknown}
 p - 4 potions of lignification
 q - 5 potions of attraction {unknown}
 s - 3 potions of invisibility {unknown}
 x - a potion of brilliance {unknown}
 D - a potion of haste {unknown}
 G - 4 potions of curing {unknown}
 M - 3 potions of might
 N - a potion of ambrosia {unknown}
 R - 3 potions of flight {unknown}
Miscellaneous
 W - a condenser vane


   Skills:
 + Level 14.1 Fighting
 + Level 16.6 Axes
 - Level 2.9 Armour
 + Level 11.4 Shields


You had 12 spell levels left.
You didn't know any spells.
Your spell library contained the following spells:

 Spells                   Type           Power      Damage    Failure   Level
 Animate Skeleton         Necr           0%         N/A       65%         1
 Apportation              Tloc           0%         N/A       65%         1
 Magic Dart               Conj           0%         1d3       65%         1
 Pain                     Necr           0%         1d4       65%         1
 Sandblast                Erth           0%         2d4       65%         1
 Shock                    Conj/Air       0%         1d3       65%         1
 Summon Small Mammal      Summ           0%         N/A       65%         1
 Call Imp                 Summ           0%         N/A       78%         2
 Passwall                 Tmut/Erth      0%         N/A       78%         2
 Call Canine Familiar     Summ           0%         N/A       95%         3
 Frozen Ramparts          Ice            0%         1d2       95%         3
 Mephitic Cloud           Conj/Pois/Air  0%         N/A       95%         3
 Portal Projectile        Hex/Tloc       0%         N/A       95%         3
 Stone Arrow              Conj/Erth      0%         3d7       95%         3
 Swiftness                Air            0%         N/A       95%         3
 Tukima's Dance           Hex            0%         N/A       95%         3
 Vampiric Draining        Necr           0%         2d6       95%         3
 Airstrike                Air            0%         N/A       100%        4
 Animate Armour           Summ/Erth      0%         N/A       100%        4
 Cause Fear               Hex            0%         N/A       100%        4
 Ice Form                 Ice/Tmut       0%         N/A       100%        4
 Leda's Liquefaction      Hex/Erth       0%         N/A       100%        4
 Passage of Golubria      Tloc           0%         N/A       100%        4
 Summon Ice Beast         Ice/Summ       0%         N/A       100%        4
 Alistair's Intoxication  Tmut/Pois      0%         N/A       100%        5
 Blade Hands              Tmut           0%         N/A       100%        5
 Fireball                 Conj/Fire      0%         3d3       100%        5
 Iskenderun's Battlesphe  Conj           0%         2d6       100%        5
 Summon Forest            Summ/Tloc      0%         N/A       100%        5
 Summon Mana Viper        Hex/Summ       0%         N/A       100%        5
 Yara's Violent Unravell  Hex/Tmut       0%         3d3       100%        5
 Conjure Ball Lightning   Conj/Air       0%         3x3d6     100%        6
 Iron Shot                Conj/Erth      0%         9d1       100%        6
 Summon Cactus Giant      Summ           0%         N/A       100%        6
 Dragon Form              Tmut           0%         N/A       100%        7
 Malign Gateway           Summ/Tloc      0%         N/A       100%        7
 Orb of Destruction       Conj           0%         9d5       100%        7
 Summon Horrible Things   Summ           0%         N/A       100%        8
 Dragon's Call            Summ           0%         N/A       100%        9


Dungeon Overview and Level Annotations

Branches:
Dungeon (12/15)            Temple (0/1) D:4            Lair (5/6) D:10
  Swamp (0/4) Lair:3        Snake (0/4) Lair:4        Slime (0/5) Lair:5
  Sewer (visited)          Bailey (visited)
    Orc: D:9-12

Annotations:
Lair:1 1 runed translucent door, siradein's ghost, journeyman OgHu
Lair:5 Snorg


Innate Abilities, Weirdness & Mutations

You have an increased reservoir of magic. (+10% MP)
You shall have no god before yourself.
Your divine heritage dramatically boosts your attributes as you level up.


Message History

A nearby plant withers and dies.
Snorg struggles against the net.
The net rips apart, and Snorg comes free!
Unknown command.
Throw: throwing net
Press: ? - help, Shift-Dir - straight line, f/p - Snorg
Aim: Snorg (moderately wounded, berserk, 65% to hit)
You throw a throwing net. The throwing net hits Snorg.
Snorg is caught in the net!
Snorg is moderately wounded.
Snorg struggles against the net.
Unknown command.
You slash Snorg!
You feel better.
Snorg is heavily wounded.
Snorg struggles against the net.
Unknown command.
You catch the helpless Snorg completely off-guard!
You hit Snorg.
Snorg is heavily wounded.
Snorg struggles against the net.
The net rips apart, and Snorg comes free!
Unknown command.
Unknown command.
Okay, then.
Aiming: Polymorph
Press: ? - help, Shift-Dir - straight line, f/p - Snorg
Aim: Snorg (heavily wounded, berserk, will become a spriggan, a fire crab, or a yak, chance to affect: 17%)
Okay, then.
Unknown command.
Unknown command.
Unknown command.
You slash Snorg!
Snorg is heavily wounded.
Snorg bites you but does no damage. You block Snorg's attack.
GONNNNG!
You block Snorg's attack.
BONNNG!
The dream sheep shake their wool and sparkle.
You feel drowsy...
You fall asleep.
Snorg bites you!!!
You die...

##.P...##..## #.##.#......##
#P..........## #.......P....#
............# ##.............
.#....#....## #............#.
###........# ##............#.
#.P........####..............#
.##.....#..#..##................
...#.....###...YTY#..P..........
#......>.#.....@#Y..#...........
........###..####..Y.#.......#.#
.........#P..# #....Y...........
.............##.#...#Y.....#....
########...#######............>.
#...#.P###..F.##.........
#.......##....##P........
#.............#.P.....#.#
#..#.........#...........


You could see Snorg (berserk) and 2 dream sheep.

Vanquished Creatures
  5 hydras
  Harold (D:10)
  An anaconda (Lair:4)
  An alligator (Lair:4)
  2 two-headed ogres
  6 death yaks
  A skeletal warrior (D:8)
  A deep elf pyromancer (D:11)
  A wolf spider (D:8)
  2 ugly things
  2 manticores (Lair:4)
  5 black mambas
  Joseph (D:9)
  9 elephants
  14 cane toads
  Psyche (D:8)
  2 torpor snails (Lair:4)
  A gargoyle (D:10)
  2 vault sentinels (D:6)
  Maggie (D:10)
  6 komodo dragons
  2 rime drakes
  4 trolls (D:11)
  2 polar bears
  3 hornets (Lair:4)
  6 dream sheep (Lair:3)
  17 blink frogs
  A raiju (shapeshifter) (D:8)
  Sigmund (D:4)
  A shadow (D:11)
  27 yaks
  2 wraiths (D:8)
  2 wyverns
  A basilisk (Lair:1)
  4 steam dragons
  A warg (D:12)
  2 nagas (Lair:4)
  An acid dragon (D:11)
  3 swamp worms (Lair:3)
  7 water moccasins
  An ice beast (D:6)
  22 orc warriors
  2 black bears (D:7)
  2 sky beasts
  10 wolves
  13 centaurs
  8 kobold brigands
  10 bullfrogs
  3 gnoll sergeants
  2 scorpions
  8 wights
  26 killer bees
  3 howler monkeys (D:8)
  2 electric eels
  7 hounds
  5 jellies
  3 gnoll shamans
  7 orc priests
  5 iguanas
  16 orc wizards
  9 hell rats
  Robin (D:4)
  14 adders
  26 gnolls
  2 river rats (Sewer)
  A shadow imp (D:7)
  3 white imps
  An ufetubus (D:5)
  3 worms (Sewer)
  A dart slug (D:1)
  64 orcs
  7 ball pythons
  15 endoplasms
  5 giant cockroaches
  14 goblins
  16 hobgoblins
  4 jackals
  4 quokkas
  3 bats
  4 frilled lizards
  14 kobolds
  8 rats
526 creatures vanquished.

Vanquished Creatures (others)
  Maurice (D:9)
  5 orcs
  A bush (Lair:3)
  16 fungi
  73 plants
96 creatures vanquished.

Grand Total: 622 creatures vanquished

Notes
Turn   | Place    | Note
-------+----------+-------------------------------------------
     0 | D:1      | drugrobin the Demigod Fighter began the quest for the Orb.
     0 | D:1      | Reached XP level 1. HP: 18/18 MP: 3/3
   489 | D:1      | Reached skill level 2 in Axes
   606 | D:1      | Reached XP level 2. HP: 25/25 MP: 4/4
  1139 | D:2      | Reached XP level 3. HP: 29/31 MP: 5/5
  1429 | D:2      | Reached skill level 3 in Axes
  1852 | D:2      | Reached XP level 4. HP: 19/38 MP: 6/6
  3280 | D:3      | Identified the +9 hand axe of the Jester {vamp, rPois}
  3515 | D:3      | Reached XP level 5. HP: 46/46 MP: 7/7
  3517 | D:3      | Reached skill level 4 in Axes
  3942 | D:4      | Noticed Sigmund
  3965 | D:4      | Killed Sigmund
  3966 | D:4      | Reached skill level 5 in Axes
  3966 | D:4      | Reached XP level 6. HP: 53/53 MP: 8/8
  4107 | D:4      | Noticed Robin
  4368 | D:4      | Killed Robin
  4558 | D:4      | Found a staircase to the Ecumenical Temple.
  4614 | D:4      | Reached XP level 7. HP: 59/60 MP: 9/9
  4918 | D:4      | Reached skill level 6 in Axes
  5183 | D:5      | Entered Level 5 of the Dungeon
  5213 | D:5      | Reached skill level 5 in Fighting
  5581 | D:5      | Found a glowing drain.
  5597 | Sewer    | Entered a sewer
  5738 | Sewer    | Reached skill level 7 in Axes
  5900 | Sewer    | Reached XP level 8. HP: 70/70 MP: 10/10
  6800 | D:6      | Reached skill level 8 in Axes
  7901 | D:7      | Reached XP level 9. HP: 79/80 MP: 11/11
  7970 | D:7      | Noticed a vault sentinel
  7970 | D:7      | Noticed a vault sentinel
  7972 | D:7      | ?????
  7972 | D:7      | the hell is this?
  7976 | D:7      | that's a little bit F-ed up, DCSS
  8007 | D:7      | Reached skill level 9 in Axes
  8014 | D:6      | Killed a vault sentinel
  8104 | D:6      | Killed a vault sentinel
  8567 | D:7      | Found the +18 shield of the Gong {rElec rN+ Will+ EV-5}
  8805 | D:7      | Reached skill level 10 in Axes
  9519 | D:8      | Noticed Psyche
  9800 | D:8      | Killed Psyche
  9801 | D:8      | Reached XP level 10. HP: 90/91 MP: 13/13
  9978 | D:8      | Noticed an angel
  9978 | D:8      | Noticed a green death
 10158 | D:9      | Noticed Joseph
 10569 | D:8      | Reached skill level 10 in Fighting
 10569 | D:8      | Reached skill level 5 in Shields
 10743 | D:9      | Noticed a wolf spider
 10776 | D:8      | Killed a wolf spider
 10777 | D:8      | Reached skill level 11 in Axes
 10984 | D:9      | Noticed a skeletal warrior
 11243 | D:9      | Noticed Maurice
 11243 | D:9      | Noticed a purple ugly thing
 11282 | D:8      | Killed a purple ugly thing
 11544 | D:9      | Killed Maurice
 11643 | D:8      | Killed a skeletal warrior
 11724 | D:9      | Noticed an anaconda
 11927 | D:9      | Killed Joseph
 12046 | D:9      | Noticed a four-headed hydra
 12052 | D:9      | Identified the +4 quarterstaff of Premature Burial {freeze,
                  | +Blink rN+}
 12094 | D:10     | Entered Level 10 of the Dungeon
 12112 | D:10     | Reached XP level 11. HP: 101/101 MP: 14/14
 12168 | D:10     | Noticed Maggie
 12183 | D:10     | Killed Maggie
 12188 | D:10     | Noticed Harold
 12204 | D:10     | Killed Harold
 12211 | D:10     | Noticed a two-headed ogre
 12231 | D:10     | Killed a two-headed ogre
 12549 | D:10     | Identified a scroll of acquirement
 12665 | D:10     | Found a staircase to the Lair.
 12693 | D:10     | Found a flagged portal.
 12705 | Bailey   | Entered a bailey
 12905 | Bailey   | Reached skill level 12 in Axes
 14399 | D:10     | Acquired 597 gold pieces
 14946 | D:10     | Acquired a manual of Axes
 15065 | D:11     | Noticed a deep elf pyromancer
 15108 | D:11     | Killed a deep elf pyromancer
 15550 | D:11     | Identified the +0 helmet of the Snail {rElec rPois MP-9
                  | Stlth+}
 15953 | D:12     | Noticed a two-headed ogre
 15971 | D:12     | Killed a two-headed ogre
 15972 | D:12     | Reached skill level 13 in Axes
 15972 | D:12     | Reached XP level 12. HP: 91/112 MP: 6/15
 16071 | D:12     | Identified the +9 scimitar "Beastbane" {vorpal, rElec MP-9
                  | Int+5 Dex+2}
 16231 | Lair:1   | Entered Level 1 of the Lair of Beasts
 16649 | Lair:1   | Identified the +8 long sword of Walenic {protect, Fragile
                  | rElec rN+}
 16704 | Lair:1   | Found a runed translucent door.
 16705 | Lair:1   | Noticed siradein's ghost (journeyman OgHu)
 16706 | Lair:1   | Identified the +10 trident "Laleo" {drain, rF++ Dex+3
                  | Stlth+}
 17052 | Lair:2   | Noticed a five-headed hydra
 17429 | Lair:1   | Killed a five-headed hydra
 17430 | Lair:1   | Reached skill level 14 in Axes
 17681 | Lair:2   | You fall into a shaft and drop 2 floors!
 18061 | Lair:3   | Noticed an eight-headed hydra
 18292 | Lair:1   | Killed an eight-headed hydra
 18605 | Lair:3   | Noticed a seven-headed hydra
 18953 | Lair:3   | Reached skill level 10 in Shields
 18983 | Lair:3   | Reached skill level 15 in Axes
 19032 | Lair:3   | Killed an eight-headed hydra
 19033 | Lair:3   | Reached XP level 13. HP: 75/122 MP: 7/16
 19229 | Lair:3   | Found a staircase to the Swamp.
 20421 | Lair:4   | Found a staircase to the Snake Pit.
 20847 | Lair:4   | Reached skill level 16 in Axes
 21445 | Lair:5   | Found a staircase to the Slime Pits.
 21471 | Lair:5   | Noticed Snorg
 21502 | Lair:5   | Slain by Snorg

Illustrated notes #.##.##.###pK# #.p# #.##.....# ...# #... #.#####..# ^..###..^ #......<.# ..^.^.. ########.# ..... #.# ^.^ ########.## ##'## #.....#...## #^.^####.. #......>...# ##.@......# #..........# #.........' #..........# #.........# #.....#....# #.#######.. ########.#.# #.# . ########.#.# #.# ......##.#.# #.# #####.##.#.###.# #####.##.......# Turn 7972 on D:7: ?????

# ########.# .....
# #.# ^.p #
########.## ##'##
# #.....#...##
#^.^####.. #
#......>...#
##........# #
#..........#
#.........' #
#..........#
#.........# #
#.....#....#
#.#######.. #
########.#.# #@# .
##########.#.# #.#
#.......##.#.# #.#
..#####.##.#.###.#
†.#####.##.......#
.....##.####.#####
..##.........#
........######
.########


Turn 7976 on D:7: that's a little bit F-ed up, DCSS

Levels and vault maps discovered:
D:1:      ncdulo_lavacross, layout_basic, ebering_ecumenical_altar_webs
D:2:      minmay_angry_zag, layout_basic
D:3:      layout_basic
D:4:      layout_cave_pods, kennysheep_mini_moat, minmay_temple_entry_wispy,
          chequers_mini_garden, uniq_sigmund, uniq_robin
D:5:      layout_loops_ring, portal_sewer_entry_f, st_stairs_12
D:6:      layout_basic, kennysheep_generic_room_7
D:7:      layout_loops_cross, chequers_temple_overflow_minitemple,
          hellmonk_guarded_unrand_gong
D:8:      layout_basic, grunt_temple_overflow_order_and_chaos_2, uniq_psyche
D:9:      layout_cave_pools, okawaru_ov_weapons_minmay, xom_shifter_show,
          minivault_25_ag, st_stairs_7, minmay_misc_feat_tiny, uniq_maurice,
          uniq_joseph
D:10:     layout_basic, lair_entry_dummy, enter_bailey_7, uniq_maggie,
          uniq_harold
D:11:     layout_big_octagon
D:12:     layout_loops_ring, erik_orc_3, serial_shops, shop,
          nemelex_spade_bored_becter, uniq_urug
Lair:1:   layout_chaotic_city, ebering_ghost_funeral_grove
Lair:2:   layout_hall_layers, basic_altar
Lair:3:   layout_regular_city, palyth_hydra_swamp_entry, serial_bayou,
          serial_bayou_lagoon_a, serial_bayou_lake_a, serial_bayou_crossing,
          serial_bayou_ford_a
Lair:4:   layout_big_grid, guppyfry_snake_entry_garden,
          nicolae_lair_lakeside_cave
Lair:5:   nzn_winding_woodlands_three_and_one
          [nzn_winding_woodlands_5x15_longhouse,
          nzn_winding_woodlands_5x15_sidewinder,
          nzn_winding_woodlands_5x15_lazy_stream,
          nzn_winding_woodlands_center_lodge], layout_layer_cave,
          nicolae_slime_entry_slimehenge, uniq_snorg

Skill      XL: |  1  2  3  4  5  6  7  8  9 10 11 12 13 |
---------------+----------------------------------------+-----
Axes           | 2 3 5 7 8 10 11 13 15 16 | 16.6
Shields        | 3 6 8 10 11 | 11.4
Fighting       | 3 4 5 7 9 10 11 13 14 | 14.1
Armour         | |  2.9

Action                   |  1- 3 |  4- 6 |  7- 9 | 10-12 | 13-15 || total
-------------------------+-------+-------+-------+-------+-------++-------
Melee: War axe           |    90 |     4 |       |       |       ||    94
       Flail             |       |    37 |       |       |       ||    37
       Hand axe          |       |    76 |   400 |   912 |   340 ||  1728
       Dagger            |       |       |       |     8 |       ||     8
       Mace              |       |       |       |    30 |    24 ||    54
 Fire: Hunting sling     |       |     2 |       |       |       ||     2
Throw: Dart              |     4 |     6 |    19 |     2 |       ||    31
       Throwing net      |       |       |       |     2 |     3 ||     5
       Boomerang         |       |       |       |    19 |       ||    19
       Javelin           |       |       |       |       |     5 ||     5
Evoke: Wand              |       |       |     2 |     2 |       ||     4
       Condenser vane    |       |       |       |     1 |       ||     1
  Use: Scroll            |       |       |       |    16 |     1 ||    17
 Stab: Held in net/web   |       |       |       |     1 |     3 ||     4
Armor: Ring mail         |    42 |    55 |   121 |   280 |   121 ||   619
Dodge: Dodged            |    47 |    61 |   155 |   148 |    37 ||   448
Block: Buckler           |    14 |    28 |    52 |    11 |       ||   105
       Kite shield       |       |       |    93 |  1030 |   431 ||  1554

Table legend: (Time is in decaauts)
 A = Elapsed time spent in this place.
 B = Non-inter-level travel time spent in this place.
 C = Inter-level travel time spent in this place.
 D = Time resting spent in this place.
 E = Time spent auto-exploring this place.
 F = Levels seen in this place.
 G = Mean time per level.
                   A        B        C        D        E       F      G
               +--------+--------+--------+--------+--------+-----+--------+
         Total |  21583 |  20504 |   1079 |   3829 |  10074 |  19 | 1135.9 |
       Dungeon |  14037 |  13240 |    797 |   2369 |   6792 |  12 | 1169.8 |
          Lair |   5046 |   4764 |    282 |    939 |   2442 |   5 | 1009.2 |
         Sewer |    807 |    807 |      0 |     12 |    504 |   1 |  807.0 |
        Bailey |   1692 |   1692 |      0 |    508 |    335 |   1 | 1692.0 |
               +--------+--------+--------+--------+--------+-----+--------+

Top non-repeatable levels by time:
     D:8: 2048 daAuts
  Bailey: 1692 daAuts
  Lair:1: 1533 daAuts
     D:3: 1478 daAuts
     D:6: 1412 daAuts
     D:2: 1390 daAuts
  Lair:3: 1355 daAuts
    D:10: 1283 daAuts
     D:1: 1230 daAuts
     D:4: 1148 daAuts
     D:7: 1105 daAuts
  Lair:4: 1100 daAuts
    D:11: 1011 daAuts
     D:9: 902 daAuts
     D:5: 893 daAuts
